3A
GRAND FORKS CATERPILLARS @ MYRTLE BEACH SEAHAWKS
08/08/2034
 
TOP OF THE 1ST
Grand Forks Caterpillars batting - Pitching for Myrtle Beach Seahawks : LHP António García
Pitching: LHP António García
Batting: RHB Glenn Randall 0-0: Called Strike
0-1: Ball
1-1: Ground out 4-3 (Groundball, 4)
Batting: RHB Elwiin Stuy 0-0: Ball
1-0: Foul Ball, location: 2F
1-1: Called Strike
1-2: Foul Ball, location: 2F
1-2: Ball
2-2: Fly out, F8 (Flyball, 8RS)
Batting: LHB Félix Castellanos 0-0: Ball
1-0: Ball
2-0: Called Strike
2-1: Swinging Strike
2-2: Strikes out swinging
Top of the 1st over - 0 runs, 0 hits, 0 errors, 0 left on base; Grand Forks 0 - Myrtle Beach 0
BOTTOM OF THE 1ST
Myrtle Beach Seahawks batting - Pitching for Grand Forks Caterpillars : RHP George Kane
Pitching: RHP George Kane
Batting: RHB Lucas Gallant 0-0: Called Strike
0-1: Swinging Strike
0-2: Strikes out swinging
Batting: RHB Al Ellis 0-0: Foul Ball, location: 2F
0-1: Fly out, F8 (Flyball, 8RD)
Batting: LHB Anastasio Flores 0-0: Ball
1-0: DOUBLE (Flyball, 89XD)
Batting: LHB Gregory Clement 0-0: Foul Ball, location: 2F
0-1: Fly out, F8 (Flyball, 78M)
Bottom of the 1st over - 0 runs, 1 hit, 0 errors, 1 left on base; Grand Forks 0 - Myrtle Beach 0
TOP OF THE 2ND
Grand Forks Caterpillars batting - Pitching for Myrtle Beach Seahawks : LHP António García
Batting: RHB Hirotada Rin 0-0: Called Strike
0-1: SINGLE (Line Drive, 6)
Batting: RHB Andrew Bryant 0-0: Ground out 3-1 (Groundball, 34S)
Hirotada Rin to second
Batting: RHB Chaim Werkman 0-0: Ball
1-0: Called Strike
1-1: Called Strike
1-2: Strikes out swinging
Batting: LHB Jeremy Malzahn 0-0: Called Strike
0-1: Called Strike
0-2: Ball
1-2: Strikes out looking
Top of the 2nd over - 0 runs, 1 hit, 0 errors, 1 left on base; Grand Forks 0 - Myrtle Beach 0
BOTTOM OF THE 2ND
Myrtle Beach Seahawks batting - Pitching for Grand Forks Caterpillars : RHP George Kane
Batting: RHB César Salvatierra 0-0: Ball
1-0: Called Strike
1-1: Swinging Strike
1-2: Strikes out swinging
Batting: RHB Miguel Rey 0-0: Ball
1-0: Foul Ball, location: 2F
1-1: Ball
2-1: Ball
3-1: Called Strike
3-2: Strikes out looking
Batting: RHB Miguel Pacheco 0-0: Ball
1-0: Swinging Strike
1-1: Swinging Strike
1-2: Foul Ball, location: 2F
1-2: Ball
2-2: Ground out 5-3 (Groundball, 56)
Bottom of the 2nd over - 0 runs, 0 hits, 0 errors, 0 left on base; Grand Forks 0 - Myrtle Beach 0
TOP OF THE 3RD
Grand Forks Caterpillars batting - Pitching for Myrtle Beach Seahawks : LHP António García
Batting: RHB Ju-choer Park 0-0: Called Strike
0-1: Ball
1-1: Swinging Strike
1-2: Strikes out looking
Batting: SHB Temaki Yuka 0-0: Fly out, F8 (Flyball, 8LS)
Batting: RHB Glenn Randall 0-0: Called Strike
0-1: Ball
1-1: Foul Ball, location: 2F
1-2: SINGLE (Groundball, 4D)
Batting: RHB Elwiin Stuy 0-0: Called Strike
Glenn Randall is caught stealing 2nd base
Top of the 3rd over - 0 runs, 1 hit, 0 errors, 0 left on base; Grand Forks 0 - Myrtle Beach 0
BOTTOM OF THE 3RD
Myrtle Beach Seahawks batting - Pitching for Grand Forks Caterpillars : RHP George Kane
Batting: LHB Sandro Goro 0-0: Called Strike
0-1: Called Strike
0-2: SINGLE (Groundball, 6MD)
Batting: RHB Kamaaluddeen Kohli 0-0: Called Strike
Sandro Goro steals 2nd base
0-1: SINGLE (Groundball, 6D)
Sandro Goro to third
Batting: RHB Lucas Gallant 0-0: Foul Ball, location: 2F
0-1: Ball
1-1: Fly out, F7 (Flyball, 7LS)
Runner from 3rd tags up, SCORES, no throw
Batting: RHB Al Ellis 0-0: Called Strike
0-1: Called Strike
0-2: Ball
1-2: Ball
2-2: Foul Ball, location: 2F
2-2: Strikes out swinging
Batting: LHB Anastasio Flores 0-0: Ball
1-0: DOUBLE (Line Drive, 9D)
Kamaaluddeen Kohli to third
Runner from 3rd tries for Home, SAFE, no throw
Batting: LHB Gregory Clement 0-0: Ball
1-0: Foul Ball, location: 2F
1-1: Fly out, F6 (Popup, 6M)
Bottom of the 3rd over - 2 runs, 3 hits, 0 errors, 1 left on base; Grand Forks 0 - Myrtle Beach 2
TOP OF THE 4TH
Grand Forks Caterpillars batting - Pitching for Myrtle Beach Seahawks : LHP António García
Batting: RHB Elwiin Stuy 0-0: Called Strike
0-1: Swinging Strike
0-2: DOUBLE (Groundball, 5L)
Batting: LHB Félix Castellanos 0-0: Ball
1-0: Ball
2-0: Ball
3-0: Called Strike
3-1: Foul Ball, location: 2F
3-2: Ground out 4-3 (Groundball, 4)
Elwiin Stuy to third
Batting: RHB Hirotada Rin 0-0: Called Strike
0-1: Ball
1-1: Ground out 1-3 (Groundball, 13)
Batting: RHB Andrew Bryant 0-0: Ball
1-0: Ball
2-0: Ball
3-0: Base on Balls
Batting: RHB Chaim Werkman 0-0: Swinging Strike
0-1: Ball
1-1: Swinging Strike
1-2: Ball
2-2: Strikes out swinging
Top of the 4th over - 0 runs, 1 hit, 0 errors, 2 left on base; Grand Forks 0 - Myrtle Beach 2
BOTTOM OF THE 4TH
Myrtle Beach Seahawks batting - Pitching for Grand Forks Caterpillars : RHP George Kane
Batting: RHB César Salvatierra 0-0: Swinging Strike
0-1: Ball
1-1: Swinging Strike
1-2: Strikes out swinging
Batting: RHB Miguel Rey 0-0: Foul Ball, location: 2F
0-1: Swinging Strike
0-2: Ground out 1-3 (Groundball, 13)
Batting: RHB Miguel Pacheco 0-0: Ground out 5-3 (Groundball, 56S)
Bottom of the 4th over - 0 runs, 0 hits, 0 errors, 0 left on base; Grand Forks 0 - Myrtle Beach 2
TOP OF THE 5TH
Grand Forks Caterpillars batting - Pitching for Myrtle Beach Seahawks : LHP António García
Batting: LHB Jeremy Malzahn 0-0: Ball
1-0: Ball
2-0: Called Strike
2-1: Called Strike
2-2: Strikes out looking
Batting: RHB Ju-choer Park 0-0: Ball
1-0: Swinging Strike
1-1: Foul Ball, location: 2F
1-2: Strikes out swinging
Batting: SHB Temaki Yuka 0-0: Foul Ball, location: 2F
0-1: Foul Ball, location: 2F
0-2: Strikes out swinging
Top of the 5th over - 0 runs, 0 hits, 0 errors, 0 left on base; Grand Forks 0 - Myrtle Beach 2
BOTTOM OF THE 5TH
Myrtle Beach Seahawks batting - Pitching for Grand Forks Caterpillars : RHP George Kane
Batting: LHB Sandro Goro 0-0: Ball
1-0: Ball
2-0: Foul Ball, location: 2F
2-1: Foul Ball, location: 2F
2-2: Strikes out swinging
Batting: RHB Kamaaluddeen Kohli 0-0: Called Strike
0-1: Called Strike
0-2: Ball
1-2: Strikes out swinging
Batting: RHB Lucas Gallant 0-0: Swinging Strike
0-1: Called Strike
0-2: Ball
1-2: Strikes out swinging
Bottom of the 5th over - 0 runs, 0 hits, 0 errors, 0 left on base; Grand Forks 0 - Myrtle Beach 2
TOP OF THE 6TH
Grand Forks Caterpillars batting - Pitching for Myrtle Beach Seahawks : LHP António García
Batting: RHB Glenn Randall 0-0: Ball
1-0: Called Strike
1-1: Foul Ball, location: 2F
1-2: SINGLE (Line Drive, 8RM)
Batting: RHB Elwiin Stuy 0-0: Ball
1-0: Called Strike
1-1: Grounds into double play, 4-6-3 (Groundball, 4)
Batting: LHB Félix Castellanos 0-0: Called Strike
0-1: Swinging Strike
0-2: Strikes out swinging
Top of the 6th over - 0 runs, 1 hit, 0 errors, 0 left on base; Grand Forks 0 - Myrtle Beach 2
BOTTOM OF THE 6TH
Myrtle Beach Seahawks batting - Pitching for Grand Forks Caterpillars : RHP George Kane
Batting: RHB Al Ellis 0-0: Called Strike
0-1: Called Strike
0-2: Fly out, F6 (Line Drive, 6)
Batting: LHB Anastasio Flores 0-0: Fly out, F8 (Flyball, 8LD)
Batting: LHB Gregory Clement 0-0: Ball
1-0: Ball
2-0: DOUBLE (Line Drive, 7LS)
Batting: RHB César Salvatierra 0-0: Intentional Walk
Batting: RHB Miguel Rey 0-0: Ball
1-0: Foul Ball, location: 2F
1-1: Ball
2-1: Foul Ball, location: 2F
2-2: Fly out, F8 (Line Drive, 8RXD)
Bottom of the 6th over - 0 runs, 1 hit, 0 errors, 2 left on base; Grand Forks 0 - Myrtle Beach 2
TOP OF THE 7TH
Grand Forks Caterpillars batting - Pitching for Myrtle Beach Seahawks : LHP António García
Batting: RHB Hirotada Rin 0-0: Called Strike
0-1: Ground out U3 (Groundball, 34)
Pitching: RHP Bailey Achurch
Batting: RHB Andrew Bryant 0-0: Called Strike
0-1: Swinging Strike
0-2: Strikes out looking
Batting: RHB Chaim Werkman 0-0: Ball
1-0: Foul Ball, location: 2F
1-1: Foul Ball, location: 2F
1-2: Foul Ball, location: 2F
1-2: Ball
2-2: Foul Ball, location: 2F
2-2: Foul Ball, location: 2F
2-2: Ball
3-2: Fly out, F6 (Popup, 6M)
Top of the 7th over - 0 runs, 0 hits, 0 errors, 0 left on base; Grand Forks 0 - Myrtle Beach 2
BOTTOM OF THE 7TH
Myrtle Beach Seahawks batting - Pitching for Grand Forks Caterpillars : RHP George Kane
Batting: RHB Miguel Pacheco 0-0: Called Strike
0-1: Ball
1-1: Foul Ball, location: 2F
1-2: Strikes out swinging
Pitching: LHP Taylor Geldard
Batting: LHB Sandro Goro 0-0: Called Strike
0-1: Swinging Strike
0-2: Ball
1-2: Foul Ball, location: 2F
1-2: Strikes out swinging
Batting: RHB Kamaaluddeen Kohli 0-0: Ground out 6-3 (Groundball, 56)
Bottom of the 7th over - 0 runs, 0 hits, 0 errors, 0 left on base; Grand Forks 0 - Myrtle Beach 2
TOP OF THE 8TH
Grand Forks Caterpillars batting - Pitching for Myrtle Beach Seahawks : RHP Bailey Achurch
Batting: LHB Jeremy Malzahn 0-0: Swinging Strike
0-1: Ball
1-1: Ball
2-1: Swinging Strike
2-2: Strikes out looking
Batting: RHB Ju-choer Park 0-0: Foul Ball, location: 2F
0-1: Swinging Strike
0-2: Strikes out swinging
Batting: SHB Temaki Yuka 0-0: Called Strike
0-1: Called Strike
0-2: Strikes out swinging
Top of the 8th over - 0 runs, 0 hits, 0 errors, 0 left on base; Grand Forks 0 - Myrtle Beach 2
BOTTOM OF THE 8TH
Myrtle Beach Seahawks batting - Pitching for Grand Forks Caterpillars : LHP Taylor Geldard
Batting: RHB Lucas Gallant 0-0: Called Strike
0-1: Foul Ball, location: 2F
0-2: Strikes out swinging
Batting: RHB Al Ellis 0-0: Called Strike
0-1: Called Strike
0-2: Ground out 6-3 (Groundball, 6M)
Batting: LHB Anastasio Flores 0-0: Ball
1-0: Ground out 6-3 (Groundball, 6)
Bottom of the 8th over - 0 runs, 0 hits, 0 errors, 0 left on base; Grand Forks 0 - Myrtle Beach 2
TOP OF THE 9TH
Grand Forks Caterpillars batting - Pitching for Myrtle Beach Seahawks : RHP Bailey Achurch
Batting: RHB Glenn Randall 0-0: Ball
1-0: Swinging Strike
1-1: Ball
2-1: Ball
3-1: Called Strike
3-2: Base on Balls
Batting: RHB Elwiin Stuy 0-0: Ball
1-0: Foul Ball, location: 2F
1-1: Ball
2-1: DOUBLE (Line Drive, 7LS)
Glenn Randall to third
Batting: LHB Félix Castellanos 0-0: Ball
1-0: Ball
2-0: Called Strike
2-1: Called Strike
2-2: Ball
3-2: DOUBLE (Line Drive, 7LS)
Glenn Randall scores
Elwiin Stuy scores
Batting: RHB Hirotada Rin 0-0: Intentional Walk
Batting: RHB Andrew Bryant 0-0: Called Strike
0-1: Ball
1-1: Fly out, F2 (Popup, 3SF)
Pinch Hitting: LHB Derek Healey 0-0: Called Strike
0-1: Ball
1-1: Called Strike
1-2: Foul Ball, location: 2F
1-2: Ball
2-2: Ball
3-2: Strikes out swinging
Batting: LHB Jeremy Malzahn 0-0: Called Strike
0-1: Ball
1-1: Foul Ball, location: 2F
1-2: Fielders Choice at 2nd, 5-4 (Groundball, 56)
Top of the 9th over - 2 runs, 2 hits, 0 errors, 2 left on base; Grand Forks 2 - Myrtle Beach 2
BOTTOM OF THE 9TH
Myrtle Beach Seahawks batting - Pitching for Grand Forks Caterpillars : LHP Taylor Geldard
Now at C: Blythe Plumpley
Pinch Hitting: RHB Madhavacharta Bhavalakar 0-0: Called Strike
0-1: Ground out 3-1 (Groundball, 34S)
Batting: RHB César Salvatierra 0-0: Ball
1-0: Swinging Strike
1-1: Called Strike
1-2: Strikes out swinging
Batting: RHB Miguel Rey 0-0: Swinging Strike
0-1: Called Strike
0-2: Ground out 6-3 (Groundball, 6M)
Bottom of the 9th over - 0 runs, 0 hits, 0 errors, 0 left on base; Grand Forks 2 - Myrtle Beach 2
TOP OF THE 10TH
Grand Forks Caterpillars batting - Pitching for Myrtle Beach Seahawks : RHP Bailey Achurch
Now at 1B: Madhavacharta Bhavalakar
Batting: RHB Ju-choer Park 0-0: Fly out, F7 (Flyball, 78M)
Batting: SHB Temaki Yuka 0-0: Swinging Strike
0-1: Fly out, F7 (Line Drive, 7)
Pitching: RHP Ralph Owens
Batting: RHB Glenn Randall 0-0: Ball
1-0: Foul Ball, location: 2F
1-1: Swinging Strike
1-2: Strikes out swinging
Top of the 10th over - 0 runs, 0 hits, 0 errors, 0 left on base; Grand Forks 2 - Myrtle Beach 2
BOTTOM OF THE 10TH
Myrtle Beach Seahawks batting - Pitching for Grand Forks Caterpillars : LHP Taylor Geldard
Pitching: RHP Juan Castro
Pinch Hitting: LHB Roberts Hamhock 0-0: Called Strike
0-1: Ball
1-1: Ball
2-1: Ball
3-1: Base on Balls
Batting: LHB Sandro Goro 0-0: Bunted foul
0-1: Bunt missed!
0-2: Ground out U3 (Groundball, 34)
Roberts Hamhock to second
Batting: RHB Kamaaluddeen Kohli 0-0: Ball
1-0: Ball
2-0: Ball
3-0: Called Strike
3-1: Base on Balls
Batting: RHB Lucas Gallant 0-0: Called Strike
0-1: Ground out U3 (Groundball, 3)
Roberts Hamhock to third
Kamaaluddeen Kohli to second
Batting: RHB Al Ellis 0-0: Ball
1-0: Ball
2-0: Swinging Strike
2-1: Ball
3-1: Base on Balls
Batting: LHB Anastasio Flores 0-0: Foul Ball, location: 2F
0-1: Foul Ball, location: 2F
0-2: Ball
1-2: Strikes out looking
Bottom of the 10th over - 0 runs, 0 hits, 0 errors, 3 left on base; Grand Forks 2 - Myrtle Beach 2
TOP OF THE 11TH
Grand Forks Caterpillars batting - Pitching for Myrtle Beach Seahawks : RHP Ralph Owens
Now in RF: Roberts Hamhock
Batting: RHB Elwiin Stuy 0-0: Foul Ball, location: 2F
0-1: Fly out, F8 (Line Drive, 8RM)
Batting: LHB Félix Castellanos 0-0: Ball
1-0: Ball
2-0: Called Strike
2-1: Foul Ball, location: 2F
2-2: Strikes out looking
Batting: RHB Hirotada Rin 0-0: Swinging Strike
0-1: SINGLE (Flyball, 8RS)
Batting: RHB Andrew Bryant 0-0: Ground out 4-3 (Groundball, 4M)
Top of the 11th over - 0 runs, 1 hit, 0 errors, 1 left on base; Grand Forks 2 - Myrtle Beach 2
BOTTOM OF THE 11TH
Myrtle Beach Seahawks batting - Pitching for Grand Forks Caterpillars : RHP Juan Castro
Pitching: RHP Alberto Ortíz
Batting: RHB Madhavacharta Bhavalakar 0-0: Ball
1-0: Foul Ball, location: 2F
1-1: Ball
2-1: Called Strike
2-2: Ball
3-2: Strikes out looking
Batting: RHB César Salvatierra 0-0: Ball
1-0: Foul Ball, location: 2F
1-1: Foul Ball, location: 2F
1-2: Ball
2-2: Foul Ball, location: 2F
2-2: Foul Ball, location: 2F
2-2: Ball
3-2: Strikes out looking
Batting: RHB Miguel Rey 0-0: Ball
1-0: Ball
2-0: Foul Ball, location: 2F
2-1: Ball
3-1: Foul Ball, location: 2F
3-2: Base on Balls
Batting: LHB Roberts Hamhock 0-0: Ball
1-0: Ball
2-0: SINGLE (Groundball, 4MD)
Miguel Rey to second
Runner from 2nd tries for 3rd, SAFE, no throw
Batting: LHB Sandro Goro 0-0: Called Strike
0-1: Ball
1-1: Foul Ball, location: 2F
1-2: Strikes out swinging
Bottom of the 11th over - 0 runs, 1 hit, 0 errors, 2 left on base; Grand Forks 2 - Myrtle Beach 2
TOP OF THE 12TH
Grand Forks Caterpillars batting - Pitching for Myrtle Beach Seahawks : RHP Ralph Owens
Batting: RHB Blythe Plumpley 0-0: Called Strike
0-1: Called Strike
0-2: Foul Ball, location: 2F
0-2: Ball
1-2: Foul Ball, location: 2F
1-2: DOUBLE (Line Drive, 9D)
Batting: LHB Jeremy Malzahn 0-0: Intentional Walk
Batting: RHB Ju-choer Park 0-0: Called Strike
0-1: Swinging Strike
0-2: Ball
1-2: Strikes out swinging
Batting: SHB Temaki Yuka 0-0: Ball
1-0: Swinging Strike
1-1: Ball
2-1: Swinging Strike
2-2: Ball
3-2: Strikes out swinging
Batting: RHB Glenn Randall 0-0: Ball
1-0: Called Strike
1-1: Fielders Choice at 2nd, 6-4 (Groundball, 6)
Top of the 12th over - 0 runs, 1 hit, 0 errors, 2 left on base; Grand Forks 2 - Myrtle Beach 2
BOTTOM OF THE 12TH
Myrtle Beach Seahawks batting - Pitching for Grand Forks Caterpillars : RHP Alberto Ortíz
Batting: RHB Kamaaluddeen Kohli 0-0: Ball
1-0: Called Strike
1-1: Called Strike
1-2: Ball
2-2: Strikes out swinging
Batting: RHB Lucas Gallant 0-0: Swinging Strike
0-1: Ball
1-1: Called Strike
1-2: Strikes out swinging
Batting: RHB Al Ellis 0-0: Ball
1-0: Ball
2-0: Swinging Strike
2-1: Foul Ball, location: 2F
2-2: Foul Ball, location: 2F
2-2: Strikes out swinging
Bottom of the 12th over - 0 runs, 0 hits, 0 errors, 0 left on base; Grand Forks 2 - Myrtle Beach 2
TOP OF THE 13TH
Grand Forks Caterpillars batting - Pitching for Myrtle Beach Seahawks : RHP Ralph Owens
Pitching: LHP Chris Whitfield
Batting: RHB Elwiin Stuy 0-0: SOLO HOME RUN (Flyball, 7LD), Distance : 361 ft
Batting: LHB Félix Castellanos 0-0: Ball
1-0: Ball
2-0: Fly out, F2 (Popup, 15S)
Batting: RHB Hirotada Rin 0-0: Swinging Strike
0-1: Swinging Strike
0-2: Ground out 6-3 (Groundball, 6S)
Batting: RHB Andrew Bryant 0-0: Called Strike
0-1: Ball
1-1: Called Strike
1-2: Foul Ball, location: 2F
1-2: Foul Ball, location: 2F
1-2: Ball
2-2: SINGLE (Groundball, 4MD)
Batting: RHB Blythe Plumpley 0-0: Ball
1-0: Foul Ball, location: 2F
1-1: Ball
2-1: Foul Ball, location: 2F
2-2: Ball
Andrew Bryant is caught stealing 2nd base
Top of the 13th over - 1 run, 2 hits, 0 errors, 0 left on base; Grand Forks 3 - Myrtle Beach 2
BOTTOM OF THE 13TH
Myrtle Beach Seahawks batting - Pitching for Grand Forks Caterpillars : RHP Alberto Ortíz
Batting: LHB Anastasio Flores 0-0: Ball
1-0: Ball
2-0: Ball
3-0: Called Strike
3-1: Foul Ball, location: 2F
3-2: Foul Ball, location: 2F
3-2: Fly out, F2 (Popup, 2R)
Batting: RHB Madhavacharta Bhavalakar 0-0: Swinging Strike
0-1: SINGLE (Groundball, 56D)
Batting: RHB César Salvatierra 0-0: Swinging Strike
0-1: Swinging Strike
0-2: Strikes out swinging
Batting: RHB Miguel Rey 0-0: Ball
1-0: DOUBLE (Groundball, 5L)
Madhavacharta Bhavalakar to third
Runner from 3rd tries for Home, SAFE, throw made at trailing runner, SAFE at third!
Batting: LHB Roberts Hamhock 0-0: Intentional Walk
Pitching: RHP Ashley Keetley
Batting: LHB Sandro Goro 0-0: Ball
1-0: Ball
2-0: Swinging Strike
2-1: Foul Ball, location: 2F
2-2: Ball
3-2: Foul Ball, location: 2F
3-2: Foul Ball, location: 2F
3-2: Foul Ball, location: 2F
3-2: Strikes out swinging
Bottom of the 13th over - 1 run, 2 hits, 0 errors, 2 left on base; Grand Forks 3 - Myrtle Beach 3
TOP OF THE 14TH
Grand Forks Caterpillars batting - Pitching for Myrtle Beach Seahawks : LHP Chris Whitfield
Batting: RHB Blythe Plumpley 0-0: Called Strike
0-1: Ball
1-1: Foul Ball, location: 2F
1-2: Fly out, F8 (Flyball, 8LM)
Pinch Hitting: RHB Zitomir Weich 0-0: Ball
1-0: Ball
2-0: Called Strike
2-1: Foul Ball, location: 2F
2-2: Foul Ball, location: 2F
2-2: Foul Ball, location: 2F
2-2: Fly out, F7 (Line Drive, 78D)
Pinch Hitting: RHB Xiong Phan 0-0: Foul Ball, location: 2F
0-1: Ball
1-1: SINGLE (Groundball, 6MD)
Batting: SHB Temaki Yuka 0-0: Called Strike
0-1: SINGLE (Line Drive, 8LS)
Xiong Phan to second
Batting: RHB Glenn Randall 0-0: Ball
1-0: Ball
2-0: Called Strike
2-1: Swinging Strike
2-2: Ground out 4-3 (Groundball, 4S)
Top of the 14th over - 0 runs, 2 hits, 0 errors, 2 left on base; Grand Forks 3 - Myrtle Beach 3
BOTTOM OF THE 14TH
Myrtle Beach Seahawks batting - Pitching for Grand Forks Caterpillars : RHP Ashley Keetley
Now at 1B: Pat Geldart
Now at 3B: Zitomir Weich
Batting: RHB Kamaaluddeen Kohli 0-0: Ball
1-0: Ball
2-0: DOUBLE (Groundball, 5L)
Batting: RHB Lucas Gallant 0-0: Foul Ball, location: 2F
0-1: Fly out, F7 (Flyball, 78D)
Batting: RHB Al Ellis 0-0: Called Strike
0-1: Foul Ball, location: 2F
0-2: Ball
1-2: Ball
2-2: Ball
3-2: Foul Ball, location: 2F
3-2: Strikes out looking
Batting: LHB Anastasio Flores 0-0: Intentional Walk
Batting: RHB Madhavacharta Bhavalakar 0-0: Called Strike
0-1: Ball
1-1: Foul Ball, location: 2F
1-2: Foul Ball, location: 2F
1-2: Strikes out swinging
Bottom of the 14th over - 0 runs, 1 hit, 0 errors, 2 left on base; Grand Forks 3 - Myrtle Beach 3
TOP OF THE 15TH
Grand Forks Caterpillars batting - Pitching for Myrtle Beach Seahawks : LHP Chris Whitfield
Batting: RHB Elwiin Stuy 0-0: Foul Ball, location: 2F
0-1: Foul Ball, location: 2F
0-2: SINGLE (Flyball, 9LS)
Batting: LHB Félix Castellanos 0-0: Called Strike
0-1: Ball
1-1: Ball
2-1: Ball
3-1: Base on Balls
Elwiin Stuy to second
Batting: RHB Hirotada Rin 0-0: Called Strike
0-1: Called Strike
0-2: Ball
1-2: Ball
2-2: Ball
3-2: Strikes out looking
Batting: RHB Andrew Bryant 0-0: Ball
1-0: Called Strike
1-1: Swinging Strike
1-2: Ball
2-2: Strikes out looking
Batting: RHB Blythe Plumpley 0-0: Called Strike
0-1: Ball
1-1: Ball
2-1: Foul Ball, location: 2F
2-2: Fly out, F4 (Popup, 4M)
Top of the 15th over - 0 runs, 1 hit, 0 errors, 2 left on base; Grand Forks 3 - Myrtle Beach 3
BOTTOM OF THE 15TH
Myrtle Beach Seahawks batting - Pitching for Grand Forks Caterpillars : RHP Ashley Keetley
Batting: RHB César Salvatierra 0-0: Called Strike
0-1: Called Strike
0-2: Ball
1-2: Foul Ball, location: 2F
1-2: SINGLE (Line Drive, 4M)
Batting: RHB Miguel Rey 0-0: Bunted foul
0-1: Ball
1-1: Sac Bunt - play at first, batter OUT! 1-4
César Salvatierra to second
Batting: LHB Roberts Hamhock 0-0: Intentional Walk
Batting: LHB Sandro Goro 0-0: Called Strike
0-1: Fielders Choice at 2nd, 6-4 (Groundball, 6)
César Salvatierra to third
Batting: RHB Kamaaluddeen Kohli 0-0: Called Strike
0-1: Ball
1-1: Ball
2-1: 3-RUN HOME RUN (Flyball, 78XD), Distance : 457 ft
Friday, March 29th, 2019 - OOTP Baseball 18.8 Build 76